 Dungeon Crawl Stone Soup version 0.13-a0-2606-g170388b (console) character file.

361 Chozo the Chopper (level 5, -5/42 HPs)
             Began as a Lava Orc Skald on Aug 4, 2013.
             Was an Initiate of Beogh.
             Slain by Grinder (8 damage)
             ... while paralysed by Grinder
             ... on Level 4 of the Dungeon.
             The game lasted 00:12:14 (3189 turns).

Chozo the Chopper (Lava Orc Skald)                  Turns: 3189, Time: 00:12:14

HP  -5/42        AC  3     Str 15      XL: 5   Next: 51%
MP   0/9         EV  2     Int 13      God: Beogh [......]
Gold 158         SH  0     Dex 10      Spells:  3 memorised,  2 levels left

Res.Fire  : + + +   See Invis. : .   a - +0 orc hand axe {=f}
Res.Cold  : x . .   Warding    : .   b - +0 orc leather armour
Life Prot.: . . .   Conserve   : .   (no shield)
Res.Poison: .       Res.Corr.  : .   (no helmet)
Res.Elec. : .       Clarity    : .   (no cloak)
Sust.Abil.: . .     Spirit.Shd : .   (no gloves)
Res.Mut.  : .       Stasis     : .   (no boots)
Res.Rott. : .       Flight     : .   e - amulet of rage
Saprovore : + . .                    k - ring of sustenance
                                     o - ring of wizardry

@: paralysed, regenerating (expiring), quick, slightly resistant to hostile
enchantments, very unstealthy
A: conserve scrolls, saprovore 1
a: Renounce Religion, Evoke Berserk Rage


You were on level 4 of the Dungeon.
You worshipped Beogh.
Beogh was pleased with you.
You were hungry.

You visited 1 branch of the dungeon, and saw 4 of its levels.

You collected 138 gold pieces.

Inventory:

Hand weapons
 a - a +0,+0 orcish hand axe (weapon) {=f}
Armour
 b - a +0 orcish leather armour (worn)
Comestibles
 d - 3 meat rations
 f - a chunk of adder flesh
 l - 3 bread rations
Scrolls
 g - a scroll of amnesia
 h - a scroll of enchant weapon II
 m - a scroll of remove curse {unknown}
 n - a scroll of fear {unknown}
Jewellery
 e - an amulet of rage (around neck)
 j - an uncursed ring of magical power
 k - a ring of sustenance (right hand)
 o - a ring of wizardry (left hand)
Potions
 i - a potion of agility
Books
 c - a book of Battle

   Spells                             Type                      Level
   *Infusion                          Charms                       1
   *Shroud of Golubria                Charms/Translocation         2
   Song of Slaying                    Charms                       2
   Spectral Weapon                    Hexes/Charms                 3
   *Regeneration                      Charms/Necromancy            3
   Song of Shielding                  Charms                       4


   Skills:
 + Level 3.6 Fighting
 + Level 3.9 Axes
 + Level 3.4 Armour
 - Level 1.0 Dodging
 - Level 2.0 Spellcasting
 - Level 3.0 Charms
 - Level 1.4 Necromancy


You had 2 spell levels left.
You knew the following spells:

 Your Spells              Type           Power        Failure   Level  Hunger
a - Infusion              Chrm           #.....       3%          1    ##.....
b - Shroud of Golubria    Chrm/Tloc      #.........   8%          2    ###....
c - Regeneration          Chrm/Necr      #.........   13%         3    ####...


Dungeon Overview and Level Annotations

Branches:
Dungeon (4/27)
 Temple: D:4-7

Altars:
Xom

Annotations
D:4 Grinder


Innate Abilities, Weirdness & Mutations

You have stony skin.
You cover ground quickly.
Your flesh is almost immune to the effects of heat.
Your fire spells are more powerful.
Your flesh is vulnerable to cold.
Your heat harms attackers.
You bathe your surroundings in blazing heat.
You are too hot to use scrolls.
You are very good at protecting items from fire.
You can tolerate rotten meat.


Message History

Grinder hits you.
You writhe in agony.
* * * LOW HITPOINT WARNING * * *
Grinder is singed by your heat.
Grinder is severely wounded.
You closely miss Grinder.
Grinder is severely wounded.
You're getting fired up.
Grinder hits you!
* * * LOW HITPOINT WARNING * * *
You writhe in agony.
* * * LOW HITPOINT WARNING * * *
Grinder is singed by your heat.
Grinder is almost dead.
Drink which item? (? for menu, Esc to quit)
Okay, then.
You hit Grinder.
Grinder is almost dead.
Grinder gestures at you.
You suddenly lose the ability to move!
Grinder hits you!
You die...

#..# #...........
#..######..#########
#..........# . #......)...#
... #..........# .....
#.#######..###########.....
..# #.................. ..#
#................... ..#
#.......@5.......... ..#
#.....#######....... ..#
#.....# .....
..#######.....# ....
..............# ...
..............# .
..............#
..###########.# .<#


You could see Grinder.

Vanquished Creatures
  Jessica (D:3)
  Terence (D:3)
  4 gnolls (D:3)
  5 adders
  A worm (D:3)
  A giant gecko (D:1)
  6 orcs
  4 ball pythons
  4 giant cockroaches
  8 goblins
  8 hobgoblins
  8 jackals
  7 bats
  4 giant newts
  7 kobolds
  11 rats
  A plant (D:2)
81 creatures vanquished.

Vanquished Creatures (others)
  An orc priest (D:3)
  An orc (D:3)
  A hobgoblin (D:3)
  A giant cockroach (D:3)
  2 rats (D:3)
6 creatures vanquished.

Grand Total: 87 creatures vanquished

Notes
Turn   | Place    | Note
--------------------------------------------------------------
     0 | D:1      | Chozo, the Lava Orc Skald, began the quest for the Orb.
     0 | D:1      | Reached XP level 1. HP: 16/16 MP: 3/3
    10 | D:1      | Reached skill level 1 in Dodging
   133 | D:1      | Reached XP level 2. HP: 14/23 MP: 4/4
   138 | D:1      | Learned a level 2 spell: Shroud of Golubria
   296 | D:1      | Reached skill level 3 in Charms
   436 | D:1      | Found a shimmering altar of Xom.
   836 | D:2      | Reached XP level 3. HP: 23/29 MP: 6/6
  1811 | D:3      | Reached XP level 4. HP: 21/36 MP: 4/7
  1825 | D:3      | Learned a level 3 spell: Regeneration
  2078 | D:3      | Became a worshipper of Beogh the Brigand
  2190 | D:3      | Noticed Terence
  2235 | D:3      | Killed Terence
  2579 | D:3      | Reached XP level 5. HP: 40/42 MP: 9/9
  2715 | D:3      | Noticed Jessica
  2723 | D:3      | Killed Jessica
  2723 | D:3      | Reached skill level 1 in Necromancy
  3175 | D:4      | Noticed Grinder
  3188 | D:4      | HP: 2/42 [Grinder (4)]
  3189 | D:4      | Paralysed by Grinder for 6 turns
  3189 | D:4      | Slain by Grinder

Action                   |  1- 3 |  4- 6 || total
-------------------------+-------+-------++-------
Melee: Hand axe          |   243 |   144 ||   387
 Cast: Infusion          |     2 |     7 ||     9
       Shroud of Golubri |     1 |     3 ||     4
       Regeneration      |       |     3 ||     3
Invok: Convert to Beogh  |       |     1 ||     1
  Use: Potion            |     5 |       ||     5
       Scroll            |     4 |       ||     4
